 Dungeon Crawl Stone Soup version 0.31-a0-37-g98a128e1d9 (webtiles) character file.

Game seed: 5306278115508918086

137 Elsrick the Shield-Bearer (level 5, -3/46 HPs)
             Began as a Draconian Fighter on May 14, 2023.
             Slain by an ogre
             ... wielding a +0 giant club
              (27 damage)
             ... on level 3 of the Dungeon.
             The game lasted 00:05:16 (1713 turns).

Elsrick the Shield-Bearer (Draconian Fighter)       Turns: 1713, Time: 00:05:17

Health: -3/46      AC:  8    Str: 19    XL:     5   Next: 0%
Magic:  5/5        EV: 12    Int:  8    God:
Gold:   105        SH:  4    Dex: 12    Spells: 4/4 levels left

rFire   . . .        a - +0 long sword
rCold   . . .        b - +0 buckler
rNeg    . . .        (body armour unavailable)
rPois   .            (helmet restricted)
rElec   .            (no cloak)
rCorr   .            d - +2 pair of gloves
SInv    .            (no boots)
Will    .....        (no amulet)
Stlth   +            (no ring)
HPRegen 0.27/turn    (no ring)
MPRegen 0.09/turn

%: no passive effects
@: no status effects
A: AC +5, unfitting armour, cold-blooded
a: no special abilities


You were on level 3 of the Dungeon.
You visited 1 branch of the dungeon, and saw 3 of its levels.

You collected 105 gold pieces.

Inventory:

Hand Weapons
 a - a +0 long sword (weapon)
 e - a +0 arbalest
Armour
 b - a +0 buckler (worn)
 d - a +2 pair of gloves (worn)
Scrolls
 f - 2 scrolls of magic mapping {unknown}
 h - a scroll of noise {unknown}
 i - a scroll of blinking {unknown}
 k - 2 scrolls of vulnerability {unknown}
 l - a scroll of identify {unknown}
Potions
 c - a potion of might
 g - a potion of ambrosia {unknown}
 j - 2 potions of curing {unknown}


   Skills:
 + Level 3.7 Fighting
 + Level 3.3 Long Blades
 + Level 3.6 Dodging
 + Level 0.5 Stealth
 + Level 3.7 Shields


You had 4 spell levels left.
You didn't know any spells.
Your spell library contained the following spells:

 Spells                   Type           Power      Damage    Failure   Level
 Beastly Appendage        Tmut           0%         N/A       47%         1
 Passwall                 Tmut/Erth      0%         N/A       63%         2
 Hailstorm                Conj/Ice       0%         3d3       85%         3
 Ignite Poison            Fire/Tmut/Pois 0%         N/A       85%         3
 Ice Form                 Ice/Tmut       0%         N/A       99%         4
 Sticky Flame             Conj/Fire      0%         2d3       99%         4
 Simulacrum               Ice/Necr       0%         N/A       100%        6
 Summon Hydra             Summ           0%         N/A       100%        7
 Ignition                 Fire           0%         3d3       100%        8
 Summon Horrible Things   Summ           0%         N/A       100%        8


Dungeon Overview and Level Annotations

Branches:
Dungeon (3/15)

Altars:

Annotations:
D:2 Sigmund


Innate Abilities, Weirdness & Mutations

Your plain brown scales are hard. (AC +5)
You cannot fit into any form of body armour.
You are cold-blooded and may be slowed by cold attacks.


Message History

You kill the jackal!
Things that are here:
a jackal corpse; a jackal corpse; a jackal corpse You swing at nothing.
Unknown command.
Unknown command.
Unknown command.
Found a stone staircase leading up.
Found a stone staircase leading down.
There is a stone staircase leading up here.
There is a stone staircase leading down here.
A bat comes into view.
The bat moves out of view.
Found a stone staircase leading down.
The bat hits you but does no damage.
You hit the bat.
You kill the bat!
You have reached level 5!
Found 3 stones.
The ogre closely misses you.
You barely miss the ogre. You block the ogre's attack.
You hit the ogre but do no damage. The ogre misses you.
You hit the ogre but do no damage. You hit the ogre. You tail-slap the ogre.
The ogre is moderately wounded.
The ogre completely misses you.
You barely miss the ogre.
Your tail-slap misses the ogre.
The ogre is moderately wounded.
The ogre hits you with a +0 giant club!!
Ouch! That really hurt!
You hit the ogre.
The ogre is moderately wounded.
The ogre barely misses you.
You hit the ogre.
Your tail-slap misses the ogre.
The ogre is moderately wounded.
The ogre completely misses you.
You barely miss the ogre.
The ogre is moderately wounded.
The ogre hits you with a +0 giant club!!
Ouch! That really hurt!
You die...

### ###########
..#######.........#
#..............O..#
#^.###.##.######..#
#..............#..#######
.......##.####.#.........
#########.###.#.#O# ...#
#....###@.# ##.#
#.###.#.### ##.# #.#
#..## ##.#### #.# #.##
......# #.# #.#
##.#..###.# #.#
..........###.###########
##.#..###...............#
##.#..# #.###.#########.#


You could see an ogre.

Vanquished Creatures
  A howler monkey (D:3)
  An orc priest (D:3)
  2 adders (D:3)
  A worm (D:3)
  A dart slug (D:1)
  3 orcs (D:3)
  5 bats
  2 endoplasms
  A giant cockroach (D:1)
  3 goblins
  5 hobgoblins
  8 jackals
  3 kobolds
  A quokka (D:3)
  2 frilled lizards
  2 rats (D:1)
41 creatures vanquished.

Notes
Turn   | Place    | Note
-------+----------+-------------------------------------------
     0 | D:1      | Elsrick the Draconian Fighter began the quest for the Orb.
     0 | D:1      | Reached XP level 1. HP: 19/19 MP: 1/1
   332 | D:1      | Found a faded altar of an unknown god.
   390 | D:1      | Reached XP level 2. HP: 23/26 MP: 2/2
   944 | D:2      | Noticed Sigmund
  1013 | D:3      | Reached XP level 3. HP: 31/31 MP: 3/3
  1033 | D:3      | Got Sif Muna's Papyrus of Transmutation and the Entourage
  1166 | D:3      | Reached XP level 4. HP: 40/40 MP: 4/4
  1421 | D:3      | Noticed an ogre
  1658 | D:3      | Reached XP level 5. HP: 46/46 MP: 5/5
  1713 | D:3      | Slain by an ogre

Illustrated notes

Levels and vault maps discovered:
D:1:      lemuel_arrival_lava_pool, layout_basic,
          ebering_ecumenical_altar_abandoned, minmay_misc_feat_rows
D:2:      layout_rooms, uniq_sigmund
D:3:      layout_loops_ring, minmay_between

Skill      XL: |  1  2  3  4 |
---------------+-------------+-----
Dodging        | 3 |  3.6
Long Blades    | 3 |  3.3
Fighting       | |  3.7
Stealth        | |  0.5
Shields        | |  3.7

Action                     |  1- 3 |  4- 6 || total
---------------------------+-------+-------++-------
  Melee: Long sword        |    91 |    77 ||   168
         Tailslap          |    14 |     9 ||    23
 Armour: Skin              |    33 |    31 ||    64
  Dodge: Dodged            |    59 |    38 ||    97
  Block: Buckler           |    25 |    21 ||    46

Table legend: (Time is in decaauts)
 A = Elapsed time spent in this place.
 B = Non-inter-level travel time spent in this place.
 C = Inter-level travel time spent in this place.
 D = Time resting spent in this place.
 E = Time spent auto-exploring this place.
 F = Levels seen in this place.
 G = Mean time per level.
                   A        B        C        D        E       F      G
               +--------+--------+--------+--------+--------+-----+--------+
         Total |   1764 |   1726 |     38 |    185 |    835 |   3 |  588.0 |
       Dungeon |   1764 |   1726 |     38 |    185 |    835 |   3 |  588.0 |
               +--------+--------+--------+--------+--------+-----+--------+

Top non-repeatable levels by time:
     D:1: 843 daAuts
     D:3: 768 daAuts
     D:2: 152 daAuts
